Workbook

Sheet Priority Allocation
A2: Exercice d'affectation des priorités de Canada Soccer
A3: Exercice préalable à la consultation | Répartissez 100 points symboliques entre les priorités de Canada Soccer
A5: Pour chaque priorité, veuillez sélectionner le niveau d'investissement qui vous semble approprié à l'aide du menu déroulant. Chaque option correspond à un nombre prédéterminé de points symboliques, qui s'inscrira automatiquement dans la cellule Points correspondante. Canada Soccer dispose de 100 points symboliques à répartir. Votre répartition totale ne peut dépasser 100 points, et nous vous encourageons à utiliser la totalité du budget dans la mesure du possible. Veuillez consulter le Guide d'investissement pour une description complète de chaque option et de sa valeur en points. Les points sont donnés à titre illustratif : ils ne représentent pas le budget réel de Canada Soccer ni les coûts réels de ses programmes. Leur but est de rendre les compromis visibles. Une fois un niveau d'investissement sélectionné pour chaque priorité, veuillez utiliser les questions de réflexion pour expliquer vos priorités et les compromis que vous avez faits.
A8: Participant / organisation (facultatif)
A10: Budget | B10: 100 | C10: Réparti | D10: =SUM(D14:D23) -> 0
A11: Restant. | B11: =B10-D10 -> 100 | C11: Statut | D11: =IF(OR(C14="",C15="",C16="",C17="",C18="",C19="",C20="",C21="",C22="",C23=""),"Veuillez sélectionner un niveau d'investissement pour chaque priorité",IF(B11<0,"Budget dépassé de "&ABS(B11)&" points",IF(B11=0,"Budget respecté","Il reste "&B11&" points à répartir"))) -> Veuillez sélectionner un niveau d'investissement pour chaque priorité
A13: # | B13: Priorité | C13: Niveau d'investissement | D13: Points | E13: Ce que signifie cet investissement
A14: 1 | B14: Équipes nationales seniors | D14: =IF(C14="","",SUMIFS('Investment Guide'!$C$6:$C$45,'Investment Guide'!$A$6:$A$45,B14,'Investment Guide'!$B$6:$B$45,C14)) | E14: =IF(C14="","",IF(C14="Aucun investissement direct","Maintenir seulement les obligations essentielles des équipes nationales; aucun soutien discrétionnaire à la compétition ou à la performance.",IF(C14="De base","Financer les obligations de base, avec des camps, des matchs, du dépistage et du soutien à la performance en quantité limitée.",IF(C14="Fort","Exploiter un programme annuel compétitif comprenant des camps réguliers, des matchs significatifs et un soutien intégré solide.","Maintenir un programme de premier plan, conçu pour rivaliser jusqu'aux dernières étapes des grands tournois, appuyé par des services techniques, médicaux et de performance de pointe."))))
A15: 2 | B15: Équipes nationales de jeunes et parcours des joueurs | D15: =IF(C15="","",SUMIFS('Investment Guide'!$C$6:$C$45,'Investment Guide'!$A$6:$A$45,B15,'Investment Guide'!$B$6:$B$45,C15)) | E15: =IF(C15="","",IF(C15="Aucun investissement direct","Ne maintenir aucun programme régulier d'équipes nationales de jeunes ni aucune activité coordonnée de parcours national.",IF(C15="De base","Soutenir les compétitions essentielles et un dépistage limité des talents dans certaines catégories d'âge.",IF(C15="Fort","Mener des programmes récurrents par catégorie d'âge, avec un dépistage élargi, une exposition internationale et un leadership du parcours.","Offrir une programmation continue pour les jeunes, une exposition internationale fréquente et un soutien étendu aux talents, y compris une résidence nationale pour des joueurs à haut potentiel sélectionnés."))))
A16: 3 | B16: Équipes nationales élargies | D16: =IF(C16="","",SUMIFS('Investment Guide'!$C$6:$C$45,'Investment Guide'!$A$6:$A$45,B16,'Investment Guide'!$B$6:$B$45,C16)) | E16: =IF(C16="","",IF(C16="Aucun investissement direct","Maintenir seulement les responsabilités de base en matière d'affiliation et de réglementation pour les disciplines des équipes nationales élargies.",IF(C16="De base","Soutenir des événements choisis ou une programmation limitée dans les disciplines prioritaires.",IF(C16="Fort","Exploiter des programmes récurrents dans plusieurs disciplines, avec une préparation crédible en vue des grandes compétitions.","Maintenir des programmes internationaux étendus et constants dans l'ensemble du portefeuille des équipes nationales élargies."))))
A17: 4 | B17: Soccer professionnel canadien | D17: =IF(C17="","",SUMIFS('Investment Guide'!$C$6:$C$45,'Investment Guide'!$A$6:$A$45,B17,'Investment Guide'!$B$6:$B$45,C17)) | E17: =IF(C17="","",IF(C17="Aucun investissement direct","Maintenir seulement les responsabilités réglementaires de base, sans soutien stratégique direct au soccer professionnel canadien.",IF(C17="De base","Offrir des services partagés ciblés et des initiatives conjointes choisies qui renforcent l'écosystème professionnel.",IF(C17="Fort","Apporter une contribution récurrente significative à la stabilité des ligues, au développement des joueurs et à la capacité commune du système.","Agir comme partenaire stratégique majeur pour accélérer l'ampleur, la portée et la pérennité du soccer professionnel canadien."))))
A18: 5 | B18: Participation à la base | D18: =IF(C18="","",SUMIFS('Investment Guide'!$C$6:$C$45,'Investment Guide'!$A$6:$A$45,B18,'Investment Guide'!$B$6:$B$45,C18)) | E18: =IF(C18="","",IF(C18="Aucun investissement direct","Maintenir seulement les obligations nationales essentielles, sans programmation de participation discrétionnaire ni soutien direct.",IF(C18="De base","Financer un nombre limité d'outils, d'initiatives et de soutiens de base pour les clubs, les communautés et les OPTS.",IF(C18="Fort","Faire un investissement important dans la croissance de la participation, la qualité de la prestation et la capacité des organisations de base.","Mettre en œuvre un vaste programme national de participation, soutenu dans le temps, conçu pour rendre le soccer plus accessible et plus attrayant partout au Canada."))))
A19: 6 | B19: Inclusion, diversité, accessibilité et équité (IDAE) | D19: =IF(C19="","",SUMIFS('Investment Guide'!$C$6:$C$45,'Investment Guide'!$A$6:$A$45,B19,'Investment Guide'!$B$6:$B$45,C19)) | E19: =IF(C19="","",IF(C19="Aucun investissement direct","Répondre uniquement aux exigences de conformité obligatoires.",IF(C19="De base","Financer un petit nombre d'initiatives ciblées et des conseils pratiques pour le système.",IF(C19="Fort","Soutenir un leadership dédié en matière d'IDAE, des programmes ciblés et des parcours de participation accessibles.","Intégrer l'IDAE aux systèmes nationaux au moyen de données, de la reddition de comptes, d'une conception accessible et d'un vaste portefeuille de programmes."))))
A20: 7 | B20: Perfectionnement des entraîneurs et des arbitres | D20: =IF(C20="","",SUMIFS('Investment Guide'!$C$6:$C$45,'Investment Guide'!$A$6:$A$45,B20,'Investment Guide'!$B$6:$B$45,C20)) | E20: =IF(C20="","",IF(C20="Aucun investissement direct","Maintenir seulement la conformité minimale et l'administration essentielle.",IF(C20="De base","Maintenir les curriculums de base, la délivrance de licences et des occasions de perfectionnement limitées.",IF(C20="Fort","Offrir une formation nationale accessible, du mentorat et des parcours d'avancement aux entraîneurs et aux arbitres.","Bâtir un système de perfectionnement de premier ordre qui améliore constamment la qualité et la rétention dans l'ensemble du pays."))))
A21: 8 | B21: Championnats nationaux amateurs | D21: =IF(C21="","",SUMIFS('Investment Guide'!$C$6:$C$45,'Investment Guide'!$A$6:$A$45,B21,'Investment Guide'!$B$6:$B$45,C21)) | E21: =IF(C21="","",IF(C21="Aucun investissement direct","Ne fournir aucun soutien direct aux championnats nationaux au-delà du sanctionnement essentiel.",IF(C21="De base","Maintenir une offre de championnats de base plus restreinte dans les catégories prioritaires.",IF(C21="Fort","Organiser des championnats nationaux crédibles dans les principaux groupes d'âge et les principales catégories.","Élargir les championnats nationaux pour en faire une vitrine de grande qualité et bien en vue du soccer amateur partout au Canada."))))
A22: 9 | B22: Revenus commerciaux, marque et croissance philanthropique | D22: =IF(C22="","",SUMIFS('Investment Guide'!$C$6:$C$45,'Investment Guide'!$A$6:$A$45,B22,'Investment Guide'!$B$6:$B$45,C22)) | E22: =IF(C22="","",IF(C22="Aucun investissement direct","Maintenir les activités actuelles, sans investissement supplémentaire dans la croissance commerciale, de la marque ou philanthropique.",IF(C22="De base","Financer le développement ciblé de partenariats, des activités de collecte de fonds et des initiatives de marque.",IF(C22="Fort","Bâtir une capacité commerciale et philanthropique significative, une valeur de marque et un bassin de revenus potentiels qualifiés.","Poursuivre un programme de croissance ambitieux et coordonné en matière de partenariats, de philanthropie, de développement des auditoires et de marque."))))
A23: 10 | B23: Initiatives stratégiques transformationnelles | D23: =IF(C23="","",SUMIFS('Investment Guide'!$C$6:$C$45,'Investment Guide'!$A$6:$A$45,B23,'Investment Guide'!$B$6:$B$45,C23)) | E23: =IF(C23="","",IF(C23="Aucun investissement direct","Ne réaliser aucun projet dédié d'installations, d'infrastructures ou de capacité commune du système.",IF(C23="De base","Soutenir la planification, les études de faisabilité et les partenariats pour certains projets.",IF(C23="Fort","Faire progresser les installations, les infrastructures et les projets de capacité commune prioritaires grâce à un leadership dédié et à la coordination des partenaires.","Réaliser un important portefeuille de projets d'infrastructures et de renforcement du système, appuyé par des ressources soutenues et la formation de capital."))))
A25: Questions de réflection
A26: 1. Quelles sont les trois priorités qui ont reçu le plus grand investissement, et pourquoi ?
A31: 2. Dans quels cas avez-vous choisi un niveau d'investissement moins élevé, et quel effet acceptez-vous de subir ?
A36: 3. Quelles priorités Canada Soccer devrait-elle financer directement, et dans quels cas devrait-elle principalement faciliter l'action d'autres organisations ou s'associer à elles ?
A41: 4. Quel a été le compromis le plus difficile dans votre répartition ?

Sheet Investment Guide
A2: Guide d'investissement
A3: Veuillez utiliser ce guide comme base commune pour choisir un niveau d'investissement.
A4: Les options sont données à titre illustratif. Elles montrent l'ampleur relative et les conséquences des choix d'investissement ; elles ne représentent pas le budget réel de Canada Soccer ni les coûts réels de ses programmes.
A5: Priorité | B5: Niveau d'investissement | C5: Points | D5: Ce que signifie cet investissement
A6: Équipes nationales seniors | B6: Aucun investissement direct | C6: 0 | D6: Maintenir seulement les obligations essentielles des équipes nationales; aucun soutien discrétionnaire à la compétition ou à la performance.
A7: Équipes nationales seniors | B7: De base | C7: 10 | D7: Financer les obligations de base, avec des camps, des matchs, du dépistage et du soutien à la performance en quantité limitée.
A8: Équipes nationales seniors | B8: Fort | C8: 22 | D8: Exploiter un programme annuel compétitif comprenant des camps réguliers, des matchs significatifs et un soutien intégré solide.
A9: Équipes nationales seniors | B9: De premier plan | C9: 32 | D9: Maintenir un programme de premier plan, conçu pour rivaliser jusqu'aux dernières étapes des grands tournois, appuyé par des services techniques, médicaux et de performance de pointe.
A10: Équipes nationales de jeunes et parcours des joueurs | B10: Aucun investissement direct | C10: 0 | D10: Ne maintenir aucun programme régulier d'équipes nationales de jeunes ni aucune activité coordonnée de parcours national.
A11: Équipes nationales de jeunes et parcours des joueurs | B11: De base | C11: 6 | D11: Soutenir les compétitions essentielles et un dépistage limité des talents dans certaines catégories d'âge.
A12: Équipes nationales de jeunes et parcours des joueurs | B12: Fort | C12: 15 | D12: Mener des programmes récurrents par catégorie d'âge, avec un dépistage élargi, une exposition internationale et un leadership du parcours.
A13: Équipes nationales de jeunes et parcours des joueurs | B13: De premier plan | C13: 24 | D13: Offrir une programmation continue pour les jeunes, une exposition internationale fréquente et un soutien étendu aux talents, y compris une résidence nationale pour des joueurs à haut potentiel sélectionnés.
A14: Équipes nationales élargies | B14: Aucun investissement direct | C14: 0 | D14: Maintenir seulement les responsabilités de base en matière d'affiliation et de réglementation pour les disciplines des équipes nationales élargies.
A15: Équipes nationales élargies | B15: De base | C15: 2 | D15: Soutenir des événements choisis ou une programmation limitée dans les disciplines prioritaires.
A16: Équipes nationales élargies | B16: Fort | C16: 7 | D16: Exploiter des programmes récurrents dans plusieurs disciplines, avec une préparation crédible en vue des grandes compétitions.
A17: Équipes nationales élargies | B17: De premier plan | C17: 12 | D17: Maintenir des programmes internationaux étendus et constants dans l'ensemble du portefeuille des équipes nationales élargies.
... A45: Initiatives stratégiques transformationnelles | B45: De premier plan | C45: 12 | D45: Réaliser un important portefeuille de projets d'infrastructures et de renforcement du système, appuyé par des ressources soutenues et la formation de capital.
